 Dungeon Crawl Stone Soup version 0.30-a0-618-gd6c86c23d0 (webtiles) character file.

Game seed: 322035554350892556

88 bande the Covered (level 4, -4/29 HPs)
             Began as a Gargoyle Fighter on Jan 9, 2023.
             Slain by a scorpion (5 damage)
             ... on level 4 of the Dungeon.
             The game lasted 00:04:20 (2512 turns).

bande the Covered (Gargoyle Fighter)                Turns: 2512, Time: 00:04:21

Health: -4/29      AC: 10    Str: 19    XL:     4   Next: 54%
Magic:  4/4        EV:  7    Int:  9    God:
Gold:   161        SH:  8    Dex: 11    Spells: 3/3 levels left

rFire   . . .      SeeInvis .    a - +0 war axe
rCold   . . .      Faith    .    n - +0 kite shield
rNeg    + . .      Spirit   .    b - +0 scale mail
rPois   ∞          Reflect  .    (no helmet)
rElec   +          Harm     .    (no cloak)
rCorr   .          Rampage  .    (no gloves)
Will    +....                    (no boots) Stlth
                                 (no amulet)
HPRegen 0.24/turn                (no ring)
MPRegen 0.09/turn                (no ring)

@: no status effects
A: sickness immunity, AC +3, negative energy resistance 1, electricity
resistance, torment resistance 1, petrification resistance, strong-willed 1, no
potion heal 1
a: no special abilities


You were on level 4 of the Dungeon.
You visited 1 branch of the dungeon, and saw 4 of its levels.

You collected 161 gold pieces.

Inventory:

Hand Weapons
 a - a +0 war axe (weapon)
Armour
 b - a +0 scale mail (worn)
 n - a +0 kite shield (worn)
Wands
 f - a wand of paralysis (6)
Scrolls
 e - 3 scrolls of fear
 j - a scroll of magic mapping {unknown}
Potions
 c - 2 potions of ambrosia
 d - 2 potions of might
 g - a potion of attraction {unknown}
 h - a potion of magic
 i - a potion of invisibility {unknown}
 k - 2 potions of berserk rage
 l - 3 potions of heal wounds
 m - 2 potions of curing
 o - 2 potions of flight {unknown}


   Skills:
 + Level 3.7 Fighting
 + Level 3.0 Axes
 + Level 4.1 Armour
 + Level 3.6 Shields
 * Level 0.2 Evocations


You had 3 spell levels left.
You didn't know any spells.
Your spell library contained the following spells:

 Spells                   Type           Power      Damage    Failure   Level
 Apportation              Tloc           0%         N/A       98%         1
 Gell's Gravitas          Tloc           0%         N/A       100%        3
 Lesser Beckoning         Tloc           0%         N/A       100%        3
 Teleport Other           Tloc           0%         N/A       100%        3
 Alistair's Intoxication  Tmut/Pois      0%         N/A       100%        5


Dungeon Overview and Level Annotations

Branches:
Dungeon (4/15)
 Temple: D:4-7

Altars:
Qazlal
Wu Jian

Shops:
D:3 [(


Innate Abilities, Weirdness & Mutations

You are immune to sickness and miasma.
Your stone body is resilient. (AC +3)
You are immune to poison.
You resist negative energy. (rN+)
You are resistant to electric shocks. (rElec)
You are resistant to unholy torment.
You are immune to petrification.
You are strong-willed. (Will+)
Potions are less effective at restoring your health.


Message History

The black bear claws you but does no damage.
You hit the scorpion.
The scorpion is heavily wounded.
You slash the black bear! The scorpion misses you.
The black bear closely misses you. The black bear barely misses you.
You block the black bear's attack. You block the scorpion's attack.
You barely miss the black bear.
The black bear is severely wounded.
You closely miss the scorpion. You block the scorpion's attack.
The black bear goes berserk!
The scorpion barely misses you. The black bear barely misses you.
You block the black bear's attack.
The black bear claws you but does no damage.
You barely miss the black bear.
The black bear is severely wounded.
You slash the scorpion! You block the black bear's attack.
The black bear claws you but does no damage. x2
The scorpion stings you but does no damage.
The black bear bites you but does no damage.
The black bear claws you. x2
* * * LOW HITPOINT WARNING * * *
The scorpion stings you but does no damage.
You are too injured to fight recklessly!
You are too injured to fight recklessly!
You are too injured to fight recklessly!
You are too injured to fight recklessly!
You are too injured to fight recklessly!
You are too injured to fight recklessly!
You are too injured to fight recklessly!
You are too injured to fight recklessly!
You are too injured to fight recklessly!
Unknown command.
You closely miss the scorpion.
The scorpion is almost dead.
You barely miss the black bear. The black bear completely misses you.
The black bear claws you.
* * * LOW HITPOINT WARNING * * *
The black bear claws you.
* * * LOW HITPOINT WARNING * * *
The scorpion stings you.
You die...

#<# # ##.#
#. #..# #.#
##..# #..#
#...# #...#
##..##
+....##...#
#.....#..##
#....s@..#
<..#...h.##
##.....#
##.....#
........
#..#....#.
...##...# .
#..# #..#


You could see a black bear (berserk) and a scorpion.

Vanquished Creatures
  3 adders
  2 dart slugs (D:2)
  7 bats
  5 endoplasms
  4 giant cockroaches
  2 goblins
  5 hobgoblins
  4 jackals (D:3)
  6 kobolds
  3 quokkas
  4 ball pythons
  A frilled lizard (D:2)
  8 rats
54 creatures vanquished.

Vanquished Creatures (others)
  9 plants (D:1)
9 creatures vanquished.

Grand Total: 63 creatures vanquished

Notes
Turn   | Place    | Note
-------+----------+-------------------------------------------
     0 | D:1      | bande the Gargoyle Fighter began the quest for the Orb.
     0 | D:1      | Reached XP level 1. HP: 14/14 MP: 1/1
    99 | D:1      | Reached XP level 2. HP: 18/19 MP: 2/2
   648 | D:1      | Found a faded altar of an unknown god.
  1039 | D:2      | Reached XP level 3. HP: 23/23 MP: 3/3
  1179 | D:2      | Gained mutation: Your spells are a little harder to cast,
                  | but a little more powerful. [potion of mutation]
  1180 | D:2      | Lost mutation: Your spells are a little harder to cast, but
                  | a little more powerful. [potion of mutation]
  1180 | D:2      | Gained mutation: You are strong-willed. (Will+) [potion of
                  | mutation]
  1180 | D:2      | Gained mutation: Potions are less effective at restoring
                  | your health. [potion of mutation]
  1886 | D:3      | Found a stormy altar of Qazlal.
  1893 | D:3      | Found an ornate altar of the Wu Jian Council.
  2074 | D:3      | Reached skill level 4 in Armour
  2074 | D:3      | Reached XP level 4. HP: 27/29 MP: 4/4
  2279 | D:3      | Found Yjomaiv's Antique Weapon Boutique.
  2308 | D:3      | Found Oci Ull's Antique Armour Shop.
  2500 | D:4      | Noticed a black bear
  2500 | D:4      | Noticed a scorpion
  2512 | D:4      | HP: 1/29 [black bear (5)]
  2512 | D:4      | Slain by a scorpion

Illustrated notes

Levels and vault maps discovered:
D:1:      saegor_arrival_fortress, layout_loops_ring, serial_bayou,
          serial_bayou_lake_a, serial_bayou_lagoon_a, serial_bayou_pond_e,
          serial_bayou_shore_a, shapermc_ecumenical_altar_mp_vishouse,
          minmay_pentomino_w2
D:2:      layout_loops_corners, minmay_3d_cube
D:3:      layout_loops_ring, mainiacjoe_overflow_catwalk_spiral, serial_shops,
          nicolae_square_shop, nicolae_shop_statue_plus
D:4:      layout_gridville, grunt_decor_junction, minmay_crossroads, uniq_edmund

Skill      XL: |  1  2  3  4 |
---------------+-------------+-----
Axes           | 2 3 |  3.0
Armour         | 4 |  4.1
Fighting       | |  3.7
Shields        | |  3.6
Evocations     | |  0.2

Action                   |  1- 3 |  4- 6 || total
-------------------------+-------+-------++-------
Melee: War axe           |   120 |    50 ||   170
  Use: Scroll            |    11 |     1 ||    12
       Potion            |     2 |       ||     2
Armor: Scale mail        |    65 |    39 ||   104
Dodge: Dodged            |    41 |    27 ||    68
Block: Buckler           |    12 |       ||    12
       Kite shield       |    26 |    34 ||    60

Table legend: (Time is in decaauts)
 A = Elapsed time spent in this place.
 B = Non-inter-level travel time spent in this place.
 C = Inter-level travel time spent in this place.
 D = Time resting spent in this place.
 E = Time spent auto-exploring this place.
 F = Levels seen in this place.
 G = Mean time per level.
                   A        B        C        D        E       F      G
               +--------+--------+--------+--------+--------+-----+--------+
         Total |   2646 |   2632 |     14 |    140 |   1964 |   4 |  661.5 |
       Dungeon |   2646 |   2632 |     14 |    140 |   1964 |   4 |  661.5 |
               +--------+--------+--------+--------+--------+-----+--------+

Top non-repeatable levels by time:
     D:1: 1071 daAuts
     D:2: 880 daAuts
     D:3: 666 daAuts
     D:4: 28 daAuts
